 Dungeon Crawl Stone Soup version 0.31.0-12-g77e489cdc1 (webtiles) character file.

Game seed: 5643687977259342925

1639 Doomgape the Ruffian (level 8, -1/84 HPs)
             Began as a Troll Berserker on Feb 12, 2024.
             Was a Priest of Trog.
             Slain by a water moccasin (6 damage)
             ... on level 6 of the Dungeon.
             The game lasted 00:10:36 (3600 turns).

Doomgape the Ruffian (Troll Berserker)              Turns: 3600, Time: 00:10:37

Health: -1/84      AC:  5    Str: 28    XL:     8   Next: 66%
Magic:  16/16      EV: 15    Int:  3    God:    Trog [***...]
Gold:   218        SH:  5    Dex:  9    Spells: 7/7 levels left

rFire   . .          .
                       - Unarmed
rCold   . . .        (no shield)
rNeg    . . .        a - +1 animal skin
rPois   .            (helmet restricted)
rElec   .            (no cloak)
rCorr   .            (gloves unavailable)
SInv    .            (boots unavailable)
Will    ++...        d - amulet of reflection
Stlth   +            l - +5 ring of evasion
HPRegen 2.14/turn    n - ring of magical power
MPRegen 0.15/turn

%: reflection
@: lethally poisoned (-1 -> -5), strong-willed, regenerating
A: large, unfitting armour, claws 3, regeneration 1, shaggy fur 1, tough skin 1
a: Renounce Religion, Berserk, Trog's Hand


You were on level 6 of the Dungeon.
You worshipped Trog.
Trog was most pleased with you.
You visited 1 branch of the dungeon, and saw 6 of its levels.

You collected 218 gold pieces.

Inventory:

Hand Weapons
 p - a +0 triple crossbow
Armour
 a - a +1 animal skin (worn)
Jewellery
 d - an amulet of reflection (around neck)
 e - a ring of ice
 l - a +5 ring of evasion (left claw)
 n - a ring of magical power (right claw)
 w - a ring of magical power
Wands
 c - a wand of mindburst (4)
 t - a wand of polymorph (9)
 u - a wand of roots (10)
Scrolls
 h - 2 scrolls of amnesia
 i - 4 scrolls of identify
 s - 2 scrolls of teleportation
Potions
 b - a potion of berserk rage {unknown}
 f - a potion of cancellation
 g - a potion of enlightenment {unknown}
 j - a potion of haste {unknown}
 k - a potion of curing {unknown}
 m - a potion of heal wounds {unknown}
 o - a potion of invisibility {unknown}
 q - a potion of mutation {unknown}
 r - 2 potions of brilliance


   Skills:
 + Level 6.4 Fighting
 - Level 4.6 Dodging
 + Level 7.6 Unarmed Combat


You had 7 spell levels left.
You didn't know any spells.
Your spell library was empty.

Dungeon Overview and Level Annotations

Branches:
Dungeon (6/15)             Temple (0/1) D:6

Altars:
Fedhas
Sif Muna
Uskayaw


Innate Abilities, Weirdness & Mutations

You are too large for most types of armour.
You have claws for hands.
Your natural rate of healing is unusually fast.
You are covered in fur. (AC +1)
You have tough skin. (AC +1)


Message History

You see here a +0 spear.
Unknown command.
The water moccasin bites you.
You are poisoned.
The water moccasin poisons you! The iguana bites you!
* * * LOW HITPOINT WARNING * * *
The water moccasin barely misses you.
Unknown command.
You scratch the iguana. Your claw misses the iguana.
The iguana is moderately wounded.
You feel very sick.
The ufetubus barely misses you. x2; The iguana bites you!
* * * LOW HITPOINT WARNING * * *
The water moccasin barely misses you.
Unknown command.
You scratch the iguana. You claw the iguana.
The iguana is severely wounded.
You feel less invigorated.
You feel less confused.
You feel sick. The ufetubus misses you. The ufetubus barely misses you.
The water moccasin bites you.
* * * LOW HITPOINT WARNING * * *
You are more poisoned.
The water moccasin poisons you! The iguana closely misses you.
The ufetubus barely misses you. The ufetubus closely misses you.
Unknown command.
You barely miss the iguana.
The iguana is severely wounded.
* * * LOW HITPOINT WARNING * * *
You feel very sick. The water moccasin barely misses you.
You block the ufetubus's attack. The ufetubus barely misses you.
The iguana bites you.
* * * LOW HITPOINT WARNING * * *
You claw the iguana!
You kill the iguana!
Trog accepts your kill.
* * * LOW HITPOINT WARNING * * *
You feel very sick. The water moccasin bites you.
You die...

**,........<............#
**,.....................#
**,.....................#
,,,....<..[............##
,,,...................##
>,,................####
,,,.............)..#
,,,,,,*,........)S.#
....,,*,........@5.# ***********
....,,>,...........#**,,,,,,,,,*
....,,,,.............#,,,,,,,,,*
..##.**,....)......#....,,,,,,,*
.......,,..........###...,,,,,,*
..##..,,,..........#,,,..,,,,,,*
......,,,...........,*,,.,,,,,,*
...#.#*,,.###.#.#...#*,,,,,,,,,*
.....#*,,,***,*,*,,,************


You could see a water moccasin and an ufetubus.

Vanquished Creatures
  Prince Ribbit (D:5)
  A water moccasin (D:5)
  A black bear (D:5)
  A sky beast (D:4)
  An ice beast (D:6)
  An ogre (D:6)
  2 phantoms
  A gnoll sergeant (D:6)
  3 scorpions
  A hound (D:5)
  2 orc priests
  2 bombardier beetles (D:4)
  A sleepcap (D:4)
  2 iguanas (D:6)
  Natasha (thrice) (D:2)
  Terence (D:2)
  An orc wizard (D:4)
  Robin (D:3)
  10 adders
  6 gnolls
  A shadow imp (D:5)
  An ufetubus (D:6)
  3 dart slugs
  2 ribbon worms (D:2)
  12 orcs
  2 ball pythons
  7 endoplasms
  A giant cockroach (D:1)
  10 goblins
  9 hobgoblins
  4 jackals (D:2)
  6 kobolds
  3 quokkas
  2 bats
  3 frilled lizards
  2 rats
110 creatures vanquished.

Notes
Turn   | Place    | Note
-------+----------+-------------------------------------------
     0 | D:1      | Doomgape the Troll Berserker began the quest for the Orb.
     0 | D:1      | Reached XP level 1. HP: 22/22 MP: 0/0
   163 | D:1      | Reached XP level 2. HP: 26/29 MP: 1/1
   976 | D:2      | Noticed Terence
   987 | D:2      | Killed Terence
   988 | D:2      | Reached XP level 3. HP: 22/37 MP: 2/2
   995 | D:2      | Reached ** piety under Trog
  1181 | D:2      | Reached XP level 4. HP: 45/45 MP: 3/3
  1468 | D:2      | Reached skill level 4 in Unarmed Combat
  1484 | D:2      | Reached XP level 5. HP: 53/53 MP: 4/4
  1539 | D:2      | Noticed Natasha
  1553 | D:2      | Killed Natasha
  1738 | D:2      | Noticed Natasha
  1752 | D:2      | Killed Natasha
  1777 | D:2      | Noticed Natasha
  1782 | D:2      | Killed Natasha
  1811 | D:3      | Reached XP level 6. HP: 62/62 MP: 5/5
  1890 | D:3      | Noticed Robin
  1920 | D:3      | Killed Robin
  1929 | D:3      | Reached *** piety under Trog
  1959 | D:3      | You fall into a shaft and drop 1 floor!
  1998 | D:4      | Noticed a sky beast
  2009 | D:4      | Killed a sky beast
  2025 | D:4      | Reached skill level 5 in Unarmed Combat
  2025 | D:4      | Reached XP level 7. HP: 71/71 MP: 6/6
  2874 | D:5      | Entered Level 5 of the Dungeon
  2940 | D:5      | Found a shimmering blue altar of Sif Muna.
  2943 | D:5      | Found a hide-covered altar of Uskayaw.
  2944 | D:5      | Found a blossoming altar of Fedhas.
  2957 | D:5      | Reached skill level 5 in Fighting
  2957 | D:5      | Reached skill level 6 in Unarmed Combat
  3037 | D:5      | Noticed Prince Ribbit
  3062 | D:5      | Killed Prince Ribbit
  3063 | D:5      | Reached XP level 8. HP: 81/81 MP: 7/7
  3379 | D:6      | Reached skill level 7 in Unarmed Combat
  3600 | D:6      | Slain by a water moccasin

Illustrated notes

Levels and vault maps discovered:
D:1:      dpeg_arrival_another_circle, layout_basic, grunt_decor_arrowhead
D:2:      layout_rooms, serial_glass, glass_columns_a, glass_columns_b,
          minmay_misc_feat_secret_circle, chequers_serial_rivers_large_a,
          kennysheep_generic_room_2, uniq_natasha, uniq_terence
D:3:      layout_rooms, nicolae_dithmenos_the_darkroom,
          nicolae_ru_the_path_less_chosen, uniq_robin
D:4:      layout_basic
D:5:      layout_rooms, chequers_temple_overflow_statue_of_worship,
          serial_rivers, chequers_serial_rivers_micro_e,
          chequers_serial_rivers_micro_b, chequers_serial_rivers_micro_d,
          chequers_serial_rivers_micro_d, chequers_serial_rivers_micro_d,
          uniq_prince_ribbit1
D:6:      layout_rooms, marbit_many_paths, minmay_temple_entry_antechambers,
          grunt_decor_fettered

Skill      XL: |  1  2  3  4  5  6  7  8 |
---------------+-------------------------+-----
Fighting       | 3 4 5 6 |  6.4
Dodging        | 3 4 |  4.6
Unarmed Combat | 4 5 6 7 |  7.6

Action                     |  1- 3 |  4- 6 |  7- 9 || total
---------------------------+-------+-------+-------++-------
  Melee: Unarmed           |    53 |   125 |   128 ||   306
         Punch             |     1 |     3 |     5 ||     9
 Invoke: Berserk           |     1 |     1 |       ||     2
         Trog's Hand       |       |       |     3 ||     3
  Evoke: Wand              |       |       |     7 ||     7
    Use: Scroll            |       |     6 |     3 ||     9
         Potion            |       |       |     3 ||     3
 Armour: Animal skin       |    26 |    49 |    91 ||   166
  Dodge: Dodged            |    24 |    74 |   139 ||   237
  Block: Other             |       |    19 |    36 ||    55
